TOP OF THE 1ST |
Detroit Tigers batting - Pitching for Kansas City Royals : RHP Tom Jensen
|
Pitching: RHP Tom Jensen
|
|
Batting: RHB Greg Harman
|
0-0: Ball 1-0: Foul Ball, location: 2F 1-1: Ball 2-1: Called Strike 2-2: Ball 3-2: Base on Balls
|
Batting: LHB Morgan Black
|
0-0: Foul Ball, location: 2F 0-1: Foul Ball, location: 2F 0-2: Ball 1-2: Fly out, F9 (Flyball, 89D, EV 88.1 MPH)
|
Batting: LHB Tyler Davis
|
0-0: Ball 1-0: Called Strike 1-1: Ball 2-1: Foul Ball, location: 2F 2-2: Ball 3-2: Ground out 4-3 (Groundball, 34, EV 83.8 MPH) Greg Harman to second
|
Batting: LHB Brad Turner
|
0-0: Ball 1-0: Foul Ball, location: 2F 1-1: Ball 2-1: Ball 3-1: Base on Balls
|
Batting: RHB Ryan Neal
|
0-0: Foul Ball, location: 2F 0-1: Swinging Strike 0-2: Foul Ball, location: 2F 0-2: Fly out, F8 (Flyball, 8LM, EV 88.8 MPH)
|
Top of the 1st over - 0 runs, 0 hits, 0 errors, 2 left on base; Detroit 0 - Kansas City 0 |
BOTTOM OF THE 1ST |
Kansas City Royals batting - Pitching for Detroit Tigers : RHP Franklin Rojas
|
Pitching: RHP Franklin Rojas
|
|
Batting: LHB Mike Meyerhoff
|
0-0: Foul Ball, location: 2F 0-1: Swinging Strike 0-2: Strikes out looking
|
Batting: RHB Aaron Matthews
|
0-0: Ball 1-0: Ball 2-0: Swinging Strike 2-1: Swinging Strike 2-2: Ball 3-2: Strikes out swinging
|
Batting: SHB Tony Prado
|
0-0: Ball 1-0: Called Strike 1-1: Ball 2-1: Ball 3-1: Ground out 5-3 (Groundball, 15, EV 89.4 MPH)
|
Bottom of the 1st over - 0 runs, 0 hits, 0 errors, 0 left on base; Detroit 0 - Kansas City 0 |
TOP OF THE 2ND |
Detroit Tigers batting - Pitching for Kansas City Royals : RHP Tom Jensen
|
Batting: RHB Luke Feeney
|
0-0: Ball 1-0: Swinging Strike 1-1: Ball 2-1: Swinging Strike 2-2: Ball 3-2: Reached on error, E6 (Groundball, 6, EV 84.4 MPH)
|
Batting: LHB Jordan Villa
|
0-0: Ball 1-0: Called Strike 1-1: Ball 2-1: Foul Ball, location: 2F 2-2: Ball 3-2: SINGLE (Groundball, 6MS, EV 69.4 MPH) (infield hit) Luke Feeney to third
|
Batting: RHB Adrian Novakovic
|
0-0: Ball 1-0: Ball 2-0: Called Strike 2-1: Fly out, F9 (Flyball, 9LD, EV 90.6 MPH) Runner from 3rd tags up, SCORES, no throw by RF
|
Batting: RHB Danny Eberhart
|
0-0: Foul Ball, location: 2F 0-1: Ball 1-1: Foul Ball, location: 2F 1-2: Ball 2-2: Foul Ball, location: 2F 2-2: Ball 3-2: Base on Balls Jordan Villa to second
|
Batting: RHB Greg Harman
|
0-0: Called Strike 0-1: Foul Ball, location: 2F 0-2: Foul Ball, location: 2F 0-2: Ball 1-2: Ball 2-2: Ball Wild Pitch! Jordan Villa to third Danny Eberhart to second 3-2: Foul Ball, location: 2F 3-2: Hit by Pitch
|
Batting: LHB Morgan Black
|
0-0: Called Strike 0-1: Swinging Strike 0-2: DOUBLE (Flyball, 8LXD, EV 106.3 MPH) Jordan Villa scores Danny Eberhart scores Greg Harman to third
|
Batting: LHB Tyler Davis
|
0-0: Ball 1-0: Called Strike 1-1: Ball 2-1: Fly out, F9 (Flyball, 9LS, EV 88.1 MPH) Runner from 3rd tags up, SCORES, throw by RF Morgan Black to third
|
Batting: LHB Brad Turner
|
0-0: Foul Ball, location: 2F 0-1: Ball 1-1: Ball 2-1: Fly out, F8 (Flyball, 78XD, EV 93.8 MPH)
|
Top of the 2nd over - 4 runs, 2 hits, 1 error, 1 left on base; Detroit 4 - Kansas City 0 |
BOTTOM OF THE 2ND |
Kansas City Royals batting - Pitching for Detroit Tigers : RHP Franklin Rojas
|
Batting: LHB Manny Estrada
|
0-0: Called Strike 0-1: Ball 1-1: Called Strike 1-2: Ball 2-2: Strikes out swinging
|
Batting: RHB Mike Jaquez
|
0-0: Swinging Strike 0-1: Ball 1-1: Foul Ball, location: 2F 1-2: Strikes out swinging
|
Batting: SHB Gil Switzer
|
0-0: Called Strike 0-1: Ball 1-1: Ground out 6-3 (Groundball, 6, EV 102.5 MPH)
|
Bottom of the 2nd over - 0 runs, 0 hits, 0 errors, 0 left on base; Detroit 4 - Kansas City 0 |
TOP OF THE 3RD |
Detroit Tigers batting - Pitching for Kansas City Royals : RHP Tom Jensen
|
Batting: RHB Ryan Neal
|
0-0: Called Strike 0-1: Foul Ball, location: 2F 0-2: Ball 1-2: Ball 2-2: SINGLE (Groundball, 5L, EV 81.3 MPH) (infield hit)
|
Batting: RHB Luke Feeney
|
0-0: Called Strike 0-1: Ball 1-1: Called Strike 1-2: Ball 2-2: Foul Ball, location: 2F 2-2: Ball 3-2: Foul Ball, location: 2F 3-2: Base on Balls Ryan Neal to second
|
Batting: LHB Jordan Villa
|
0-0: Foul Ball, location: 2F 0-1: Foul Ball, location: 2F 0-2: Ball 1-2: Foul Ball, location: 2F 1-2: Ball 2-2: Foul Ball, location: 2F 2-2: Ball 3-2: Base on Balls Ryan Neal to third Luke Feeney to second
|
Batting: RHB Adrian Novakovic
|
0-0: Ball 1-0: Foul Ball, location: 2F 1-1: Foul Ball, location: 2F 1-2: Ball 2-2: Foul Ball, location: 2F 2-2: Foul Ball, location: 2F 2-2: Ball 3-2: Foul Ball, location: 2F 3-2: Fly out, F8 (Flyball, 8LXD, EV 91.9 MPH) Runner from 3rd tags up, SCORES, no throw by CF Luke Feeney to third
|
Batting: RHB Danny Eberhart
|
0-0: Called Strike 0-1: Ball 1-1: Ball 2-1: Ball 3-1: Called Strike 3-2: Strikes out looking Jordan Villa steals 2nd base Batter strikes out.
|
Batting: RHB Greg Harman
|
0-0: Called Strike 0-1: Called Strike 0-2: Ball 1-2: Foul Ball, location: 2F 1-2: Hit by Pitch
|
Pitching: RHP Rob Penton
|
|
Batting: LHB Morgan Black
|
0-0: Called Strike 0-1: Ball 1-1: Foul Ball, location: 2F 1-2: Foul Ball, location: 2F 1-2: Ground out 4-3 (Groundball, 4, EV 89.4 MPH)
|
Top of the 3rd over - 1 run, 1 hit, 0 errors, 3 left on base; Detroit 5 - Kansas City 0 |
BOTTOM OF THE 3RD |
Kansas City Royals batting - Pitching for Detroit Tigers : RHP Franklin Rojas
|
Batting: RHB Jordan Diaz
|
0-0: Ball 1-0: Ground out 6-3 (Groundball, 6, EV 89.4 MPH)
|
Batting: RHB Adam Martin
|
0-0: Ground out 6-3 (Groundball, 56, EV 84.4 MPH)
|
Batting: RHB Alberto Rosales
|
0-0: Foul Ball, location: 2F 0-1: Ball 1-1: Foul Ball, location: 2F 1-2: Strikes out swinging
|
Bottom of the 3rd over - 0 runs, 0 hits, 0 errors, 0 left on base; Detroit 5 - Kansas City 0 |
TOP OF THE 4TH |
Detroit Tigers batting - Pitching for Kansas City Royals : RHP Rob Penton
|
Batting: LHB Tyler Davis
|
0-0: Foul Ball, location: 2F 0-1: Ball 1-1: Ball 2-1: Foul Ball, location: 2F 2-2: Fly out, F7 (Flyball, 7LS, EV 93.1 MPH)
|
Batting: LHB Brad Turner
|
0-0: SINGLE (Groundball, 5, EV 87.5 MPH) (infield hit)
|
Batting: RHB Ryan Neal
|
0-0: Grounds into double play, 5-4-3 (Groundball, 56S, EV 80.6 MPH)
|
Top of the 4th over - 0 runs, 1 hit, 0 errors, 0 left on base; Detroit 5 - Kansas City 0 |
BOTTOM OF THE 4TH |
Kansas City Royals batting - Pitching for Detroit Tigers : RHP Franklin Rojas
|
Batting: LHB Mike Meyerhoff
|
0-0: Called Strike 0-1: Called Strike 0-2: Ball 1-2: Foul Ball, location: 2F 1-2: Ball 2-2: Foul Ball, location: 2F 2-2: Ball 3-2: Strikes out swinging
|
Batting: RHB Aaron Matthews
|
0-0: Ball 1-0: Ball 2-0: Foul Ball, location: 2F 2-1: Foul Ball, location: 2F 2-2: Fly out, F9 (Flyball, 89XD, EV 92.5 MPH)
|
Batting: SHB Tony Prado
|
0-0: Ball 1-0: Called Strike 1-1: Ball 2-1: Ball 3-1: Base on Balls
|
Batting: LHB Manny Estrada
|
0-0: Fly out, F8 (Flyball, 8RS, EV 87.5 MPH)
|
Bottom of the 4th over - 0 runs, 0 hits, 0 errors, 1 left on base; Detroit 5 - Kansas City 0 |
TOP OF THE 5TH |
Detroit Tigers batting - Pitching for Kansas City Royals : RHP Rob Penton
|
Batting: RHB Luke Feeney
|
0-0: Foul Ball, location: 2F 0-1: Swinging Strike 0-2: Strikes out looking
|
Batting: LHB Jordan Villa
|
0-0: SINGLE (Line Drive, 78S, EV 88.1 MPH)
|
Batting: RHB Adrian Novakovic
|
0-0: Ball 1-0: Called Strike 1-1: Ball 2-1: Fly out, F6 (Popup, 15, EV 73.1 MPH)
|
Batting: RHB Danny Eberhart
|
0-0: Called Strike 0-1: Ball 1-1: Called Strike Jordan Villa steals 2nd base 1-2: Ball 2-2: Strikes out swinging
|
Top of the 5th over - 0 runs, 1 hit, 0 errors, 1 left on base; Detroit 5 - Kansas City 0 |
BOTTOM OF THE 5TH |
Kansas City Royals batting - Pitching for Detroit Tigers : RHP Franklin Rojas
|
Batting: RHB Mike Jaquez
|
0-0: Foul Ball, location: 2F 0-1: Called Strike 0-2: Strikes out swinging, 2-3 out at first.
|
Batting: SHB Gil Switzer
|
0-0: Ball 1-0: Called Strike 1-1: Ball 2-1: Foul Ball, location: 2F 2-2: Ball 3-2: Base on Balls
|
Batting: RHB Jordan Diaz
|
0-0: Ground out 5-3 (Groundball, 56S, EV 70.6 MPH) Gil Switzer to second
|
Batting: RHB Adam Martin
|
0-0: Ground out 6-3 (Groundball, 56, EV 103.1 MPH)
|
Bottom of the 5th over - 0 runs, 0 hits, 0 errors, 1 left on base; Detroit 5 - Kansas City 0 |
TOP OF THE 6TH |
Detroit Tigers batting - Pitching for Kansas City Royals : RHP Rob Penton
|
Batting: RHB Greg Harman
|
0-0: Called Strike 0-1: Swinging Strike 0-2: Ball 1-2: Strikes out looking
|
Batting: LHB Morgan Black
|
0-0: Ball 1-0: Ball 2-0: Foul Ball, location: 2F 2-1: Swinging Strike 2-2: Ball 3-2: Foul Ball, location: 2F 3-2: DOUBLE (Line Drive, 5D, EV 100.0 MPH)
|
Batting: LHB Tyler Davis
|
0-0: Ball 1-0: Ground out U3 (Groundball, 3L, EV 105.6 MPH) Morgan Black to third
|
Pitching: RHP Ryan Bushey
|
|
Batting: LHB Brad Turner
|
0-0: Swinging Strike 0-1: Fly out, F2 (Popup, 15S, EV 86.3 MPH)
|
Top of the 6th over - 0 runs, 1 hit, 0 errors, 1 left on base; Detroit 5 - Kansas City 0 |
BOTTOM OF THE 6TH |
Kansas City Royals batting - Pitching for Detroit Tigers : RHP Franklin Rojas
|
Batting: RHB Alberto Rosales
|
0-0: Ball 1-0: Foul Ball, location: 2F 1-1: Ball 2-1: Ground out 6-3 (Groundball, 6M, EV 90.0 MPH)
|
Batting: LHB Mike Meyerhoff
|
0-0: SINGLE (Line Drive, 8LM, EV 89.4 MPH)
|
Batting: RHB Aaron Matthews
|
0-0: Ball 1-0: SINGLE (Groundball, 25, EV 73.8 MPH) (infield hit) Mike Meyerhoff to second
|
Batting: SHB Tony Prado
|
0-0: Grounds into double play, 3-6-1 (Groundball, 3, EV 95.6 MPH)
|
Bottom of the 6th over - 0 runs, 2 hits, 0 errors, 1 left on base; Detroit 5 - Kansas City 0 |
TOP OF THE 7TH |
Detroit Tigers batting - Pitching for Kansas City Royals : RHP Ryan Bushey
|
Batting: RHB Ryan Neal
|
0-0: Ball 1-0: Fly out, F8 (Flyball, 89S, EV 89.4 MPH)
|
Batting: RHB Luke Feeney
|
0-0: Ball 1-0: Fly out, F8 (Line Drive, 8RD, EV 85.6 MPH)
|
Batting: LHB Jordan Villa
|
0-0: Ball 1-0: Called Strike 1-1: Ball 2-1: SOLO HOME RUN (Flyball, 9LD, EV 94.4 MPH), Distance : 350 ft
|
Batting: RHB Adrian Novakovic
|
0-0: Swinging Strike 0-1: Hit by Pitch
|
Batting: RHB Danny Eberhart
|
0-0: Called Strike 0-1: Ball 1-1: Called Strike 1-2: Ground out 1-3 (Groundball, 13, EV 68.8 MPH)
|
Top of the 7th over - 1 run, 1 hit, 0 errors, 1 left on base; Detroit 6 - Kansas City 0 |
BOTTOM OF THE 7TH |
Kansas City Royals batting - Pitching for Detroit Tigers : RHP Franklin Rojas
|
Batting: LHB Manny Estrada
|
0-0: Ball 1-0: Ball 2-0: Called Strike 2-1: Swinging Strike 2-2: Foul Ball, location: 2F 2-2: Strikes out swinging
|
Batting: RHB Mike Jaquez
|
0-0: Swinging Strike 0-1: Called Strike 0-2: Strikes out looking
|
Batting: SHB Gil Switzer
|
0-0: Called Strike 0-1: Ball 1-1: Ball 2-1: Ball 3-1: Called Strike 3-2: Ground out 3-1 (Groundball, 34S, EV 84.4 MPH)
|
Bottom of the 7th over - 0 runs, 0 hits, 0 errors, 0 left on base; Detroit 6 - Kansas City 0 |
TOP OF THE 8TH |
Detroit Tigers batting - Pitching for Kansas City Royals : RHP Ryan Bushey
|
Batting: RHB Greg Harman
|
0-0: Called Strike 0-1: Called Strike 0-2: Ball 1-2: Ball 2-2: Ball 3-2: SINGLE (Line Drive, 89M, EV 101.3 MPH)
|
Pitching: RHP Chris Irvin
|
|
Batting: LHB Morgan Black
|
0-0: Ball Greg Harman steals 2nd base 1-0: Ball 2-0: Ball 3-0: Base on Balls
|
Batting: LHB Tyler Davis
|
0-0: Ball 1-0: Ball 2-0: SINGLE (Groundball, 4MD, EV 103.8 MPH) Greg Harman to third Morgan Black to second Runner from 3rd tries for Home, SAFE, throw by CF to home
|
Batting: LHB Brad Turner
|
0-0: Swinging Strike 0-1: Foul Ball, location: 2F 0-2: Hit by Pitch Morgan Black to third Tyler Davis to second
|
Batting: RHB Ryan Neal
|
0-0: Ball 1-0: Ball 2-0: GRAND SLAM HOME RUN (Flyball, 7LD, EV 93.1 MPH), Distance : 355 ft
|
Pitching: LHP John Hall
|
|
Batting: RHB Luke Feeney
|
0-0: Swinging Strike 0-1: Ball 1-1: Ball 2-1: Swinging Strike 2-2: Ball 3-2: Strikes out swinging
|
Batting: LHB Jordan Villa
|
0-0: Foul Ball, location: 2F 0-1: Ball 1-1: SINGLE (Line Drive, 5, EV 68.8 MPH) (infield hit)
|
Pinch Hitting: RHB Dave Reynolds
|
0-0: Grounds into double play, 3-6-1 (Groundball, 34S, EV 86.9 MPH)
|
Top of the 8th over - 5 runs, 4 hits, 0 errors, 0 left on base; Detroit 11 - Kansas City 0 |
BOTTOM OF THE 8TH |
Kansas City Royals batting - Pitching for Detroit Tigers : RHP Franklin Rojas
|
Now at 2B: Dave Reynolds
|
|
Now at SS: Danny Eberhart
|
|
Batting: RHB Jordan Diaz
|
0-0: Called Strike 0-1: Ball 1-1: Swinging Strike 1-2: Ball 2-2: Fly out, F3 (Flyball, 3D, EV 86.3 MPH)
|
Batting: RHB Adam Martin
|
0-0: Ball 1-0: Swinging Strike 1-1: Ball 2-1: Ground out 5-3 (Groundball, 56, EV 86.9 MPH)
|
Batting: RHB Alberto Rosales
|
0-0: Called Strike 0-1: Ball 1-1: Foul Ball, location: 2F 1-2: Ball 2-2: Ground out 6-3 (Groundball, 6, EV 86.9 MPH)
|
Bottom of the 8th over - 0 runs, 0 hits, 0 errors, 0 left on base; Detroit 11 - Kansas City 0 |
TOP OF THE 9TH |
Detroit Tigers batting - Pitching for Kansas City Royals : LHP John Hall
|
Batting: RHB Danny Eberhart
|
0-0: Foul Ball, location: 2F 0-1: Ball 1-1: Foul Ball, location: 2F 1-2: Foul Ball, location: 2F 1-2: Ground out 1-3 (Groundball, 15, EV 71.3 MPH)
|
Batting: RHB Greg Harman
|
0-0: Ball 1-0: Foul Ball, location: 2F 1-1: Foul Ball, location: 2F 1-2: Foul Ball, location: 2F 1-2: Ball 2-2: Ball 3-2: Fly out, F9 (Flyball, 9S, EV 95.6 MPH)
|
Batting: LHB Morgan Black
|
0-0: Ball 1-0: Ball 2-0: Ground out 5-3 (Groundball, 56, EV 102.5 MPH)
|
Top of the 9th over - 0 runs, 0 hits, 0 errors, 0 left on base; Detroit 11 - Kansas City 0 |
BOTTOM OF THE 9TH |
Kansas City Royals batting - Pitching for Detroit Tigers : RHP Franklin Rojas
|
Batting: LHB Mike Meyerhoff
|
0-0: Foul Ball, location: 2F 0-1: Called Strike 0-2: Ball 1-2: Foul Ball, location: 2F 1-2: Ball 2-2: Foul Ball, location: 2F 2-2: Strikes out swinging
|
Batting: RHB Aaron Matthews
|
0-0: Ball 1-0: Swinging Strike 1-1: Fly out, F9 (Flyball, 89XD, EV 100.6 MPH)
|
Batting: SHB Tony Prado
|
0-0: Ball 1-0: Ball 2-0: Ball 3-0: Base on Balls
|
Pitching: RHP Bryce Cleavinger
|
|
Batting: LHB Manny Estrada
|
0-0: Foul Ball, location: 2F 0-1: Ball 1-1: Foul Ball, location: 2F 1-2: Foul Ball, location: 2F 1-2: DOUBLE (Flyball, 89XD, EV 106.3 MPH) Tony Prado to third
|
Batting: RHB Mike Jaquez
|
0-0: Ball 1-0: Called Strike 1-1: Called Strike 1-2: SINGLE (Groundball, 56D, EV 101.9 MPH) Tony Prado scores Manny Estrada to third
|
Batting: SHB Gil Switzer
|
0-0: Fly out, F8 (Flyball, 78D, EV 103.8 MPH)
|
Bottom of the 9th over - 1 run, 2 hits, 0 errors, 2 left on base; Detroit 11 - Kansas City 1 |
|